 Dungeon Crawl Stone Soup version 0.15-a0-1206-g3bad1a6 (console) character file.

33385 OctopodeCrusher the Martial Artist (level 13, 0/106 HPs)
             Began as an Octopode Monk on May 31, 2014.
             Was the Champion of Cheibriados.
             Slain by a shark (19 damage)
             ... on Level 5 of the Lair of Beasts on June 1, 2014.
             The game lasted 01:43:59 (10185 turns).

OctopodeCrusher the Martial Artist (Octopode Monk) Turns: 10185, Time: 01:43:59

HP   0/106       AC  5     Str 26      XL: 13   Next: 70%
MP  17/26        EV 30     Int 32      God: Cheibriados [******]
Gold 843         SH  0     Dex 27      Spells:  3 memorised, 12 levels left

rFire  x . .     SeeInvis .       - Unarmed
rCold  + + +     Clarity  .     x - melded +1 shield
rNeg   . . .     rCorr    .     i - melded +2 hat
rPois  +         rRot     .     (no amulet)
rElec  .         Spirit   .     z - cursed ring of wizardry
SustAb .         Warding  .     B - cursed ring of protection from cold
rMut   .         Stasis   .     C - melded cursed ring of stealth
Gourm  .                        E - melded ring of poison resistance
MR     .....                    r - melded ring of protection from magic
                                (ring currently unavailable)
                                (ring currently unavailable)
                                (ring currently unavailable)

@: ice-form, phasing, repel missiles, very slow, not resistant to hostile
enchantments, stealthy
A: almost no armour, amphibious, (8 rings), (constrict 8), (camouflage 0),
clever 1, clumsy 1, (electricity resistance), weak 1, (gelatinous body 0)
a: End Transformation, Bend Time, Temporal Distortion, Slouch, Step From Time,
Renounce Religion


You were on level 5 of the Lair of Beasts.
You worshipped Cheibriados.
Cheibriados was exalted by your worship.
You were not hungry.
You were a creature of crystalline ice.
You visited 4 branches of the dungeon, and saw 23 of its levels.
You also visited: Sewer.

You collected 1918 gold pieces.
You spent 1075 gold pieces at shops.

Inventory:

Hand weapons
 y - a +5 blowgun
 M - the +9,+8 dagger of Cruth {elec, rF+ MR++}
   (You found it on level 4 of the Lair of Beasts)

   Occasionally, upon striking a foe, it will discharge some electrical energy
   and cause terrible harm.
   It protects you from fire.
   It affects your resistance to hostile enchantments.
Missiles
 o - 2 throwing nets (quivered)
 A - 13 curare-tipped needles
 D - 6 tomahawks of dispersal
 G - 8 tomahawks of returning
Armour
 i - a +2 hat (melded)
 x - a +1 shield (melded)
Magical devices
 t - a wand of digging (2)
 w - a wand of cold (4)
 L - a wand of fire (3)
 P - a wand of lightning (8)
 Q - a wand of invisibility (4)
Comestibles
 b - 13 bread rations
 c - 12 meat rations
 p - 8 beef jerkies
 s - a royal jelly
 u - 17 fruits
 R - 6 rotting chunks of shark flesh
 T - 7 chunks of shark flesh
Scrolls
 a - 4 scrolls of amnesia
 g - 2 scrolls of summoning
 j - 3 scrolls of noise
 k - 14 scrolls of remove curse {unknown}
 l - 7 scrolls of teleportation
 n - a scroll of blinking
 F - 3 scrolls of identify
 J - 2 scrolls of fog
 S - a scroll of immolation
Jewellery
 r - a ring of protection from magic (melded)
 z - a cursed ring of wizardry (left paw)
 B - a cursed ring of protection from cold (right paw)
 C - a cursed ring of stealth (melded)
 E - a ring of poison resistance (melded)
Potions
 e - 3 potions of brilliance
 f - 8 potions of curing
 h - 2 potions of mutation
 m - 3 potions of flight
 q - a potion of lignification
 v - 2 potions of might
 N - a potion of heal wounds
Books
 d - a book of Air

   Spells                             Type                      Level
   Shock                              Conjuration/Air              1
   Swiftness                          Charms/Air                   2
   *Repel Missiles                    Charms/Air                   2
   Flight                             Charms/Air                   3
   Static Discharge                   Conjuration/Air              3
   Lightning Bolt                     Conjuration/Air              5
 H - a book of Transfigurations

   Spells                             Type                      Level
   Stoneskin                          Transmutation/Earth          2
   *Ice Form                          Ice/Transmutation            4
   Statue Form                        Transmutation/Earth          6
   Dragon Form                        Transmutation                7
 I - Sif Muna's Collected Works on Transmigration and Ice
   (You found it on level 12 of the Dungeon)

   Spells                             Type                      Level
   Beastly Appendage                  Transmutation                1
   Stoneskin                          Transmutation/Earth          2
   *Ice Form                          Ice/Transmutation            4
   Bolt of Cold                       Conjuration/Ice              6
   Dragon Form                        Transmutation                7
 K - a book of Dreams

   Spells                             Type                      Level
   Ensorcelled Hibernation            Hexes/Ice                    2
   Flight                             Charms/Air                   3
   *Phase Shift                       Translocation                5
   Shadow Creatures                   Summoning                    5
   Mass Confusion                     Hexes                        6
   Darkness                           Hexes                        7
Miscellaneous
 O - a fan of gales


   Skills:
 - Level 8.5 Fighting
 - Level 11.0 Dodging
 - Level 2.6 Stealth
 - Level 8.6 Shields
 - Level 12.0 Unarmed Combat
 + Level 5.9 Spellcasting
 - Level 1.2 Charms
 - Level 5.0 Translocations
 * Level 8.0 Transmutations
 - Level 1.0 Air Magic
 - Level 5.5 Invocations


You had 12 spell levels left.
You knew the following spells:

 Your Spells              Type           Power        Failure   Level  Hunger
a - Ice Form              Ice/Trmt       #####.....   4%          4    ###....
b - Phase Shift           Tloc           #####.....   7%          5    ####...
c - Repel Missiles        Chrm/Air       ###...       1%          2    None


Dungeon Overview and Level Annotations

Branches:
Dungeon (12/15)            Temple (1/1) D:5             Orc (4/4) D:11
    Elf (0/3) Orc:3          Lair (6/8) D:9          Shoals (0/5) Lair:5
  Snake (0/5) Lair:5
  Slime: Lair:6-8

Altars:
Cheibriados
Dithmenos
Elyvilon
Gozag
Kikubaaqudgha
Nemelex Xobeh
Okawaru
Sif Muna
Xom
The Shining One

Shops:
D:4 (   D:5 (**=?   D:7 *   D:10 [:(   Orc:1 [   Orc:3 [%   Orc:4 [*[:


Innate Abilities, Weirdness & Mutations

You cannot wear most types of armour.
You are amphibious.
((You can wear up to eight rings at the same time.))*
((You can use your tentacles to constrict many enemies at once.))*
((Your skin changes colour to match your surroundings (Stealth).))*
((Your rubbery body absorbs attacks (AC +1).))*
Your mind is acute. (Int +2)
You are clumsy. (Dex -2)
((You are resistant to electric shocks.))*
You are weak. (Str -2)


Message History

You see here 7 chunks of shark flesh.
T - 7 chunks of shark flesh You feel closer to the material plane.
You are firmly grounded in the material plane once more.
Casting: Ice Form
Confirm with . or Enter, or press ? or * to list all spells.
You feel the strange sensation of being on two planes at once.
You open the door.
Found a staircase to the Shoals.
There is an open door here.
The shark misses you. The shark closely misses you.
You hit the shark but do no damage. You completely miss the shark.
The shark bites you!
* * * LOW HITPOINT WARNING * * *
The shark completely misses you.
You punch the shark! You freeze the shark.
The shark is heavily wounded.
The shark goes into a frenzy at the smell of blood!
The shark bites you!!
You die...

....# #....
P...#####P...
##.....##....
.......P#....
#.........# #..##....#.
#..%.#..... #####
#.P##......
###≈Y;+####.P##...###
#≈≈≈>≈≈≈#....#P...##.
####'≈≈≈#####.##...#...
#≈≈≈#####≈≈≈#.##..#....
#≈≈≈#≈≈%#≈≈≈#..P..P....
#≈≈≈#≈≈≈#≈≈≈#.P........
####≈≈≈≈≈###+..........
#######.......(...
..............


You could see a shark (frenzied).

Vanquished Creatures
  An orc warlord (Orc:4)
  2 hydras
  A death yak (Lair:6)
  3 orc high priests (Orc:4)
  A sun demon (Orc:4)
  Erolcha (D:8)
  3 hill giants
  A necromancer (D:9)
  4 orc knights (Orc:4)
  7 orc sorcerers
  A manticore (D:11)
  3 elephants (Lair:6)
  A black mamba (Lair:6)
  6 spiny frogs
  An item mimic (D:8)
  An iron devil (Orc:4)
  5 komodo dragons
  A fire drake (Lair:4)
  A merfolk (D:9)
  A blink frog (Lair:3)
  A troll (D:9)
  A wyvern (D:10)
  A fire dragon skeleton (D:12)
  9 sharks
  7 ugly things
  14 yaks
  2 hippogriffs
  Eustachio (Orc:2)
  2 wargs (Orc:4)
  A mottled dragon (D:12)
  A soldier ant (D:11)
  Edmund (D:8)
  Menkaure (D:6)
  3 sky beasts
  4 water moccasins
  22 orc warriors
  3 porcupines
  A black bear (D:9)
  3 ice beasts
  A necrophage (D:12)
  11 ogres
  A phantom (D:4)
  2 centaurs
  2 crocodiles
  14 big kobolds
  9 giant frogs
  3 giant slugs (Lair:4)
  2 scorpions
  A warg skeleton (Orc:4)
  3 killer bees (D:10)
  3 wights (D:6)
  2 crimson imps
  A goliath beetle (D:9)
  A black bear zombie (D:8)
  3 electric eels
  A jelly (D:9)
  A yellow wasp zombie (D:8)
  14 orc priests
  5 big fish
  8 hounds
  7 iguanas
  2 quasits (Orc:2)
  19 orc wizards
  3 polar bear simulacra (D:9)
  9 worker ants
  5 yak simulacra (D:9)
  A hippogriff simulacrum (D:10)
  An ogre zombie (D:5)
  A wolf simulacrum (D:9)
  5 sheep (Lair:2)
  A hound zombie (D:8)
  2 mummies (D:9)
  4 gnolls (D:7)
  2 orc zombies
  8 green rats
  9 adders
  2 white imps (D:10)
  2 worms
  9 giant mites
  An ooze (D:3)
  163 orcs
  15 bats
  A giant cockroach (D:8)
  14 goblins
  15 hobgoblins
  14 jackals
  8 giant geckos
  3 giant newts
  2 green rat simulacra (D:9)
  21 kobolds
  An orc simulacrum (D:10)
  2 orc skeletons
  12 quokkas
  21 rats
  2 rat skeletons
  A rat zombie (D:8)
  2 ballistomycetes (D:9)
601 creatures vanquished.

Vanquished Creatures (others)
  A giant spore (D:9)
  2 fungi
  A plant (Lair:6)
4 creatures vanquished.

Grand Total: 605 creatures vanquished

Notes
Turn   | Place    | Note
--------------------------------------------------------------
     0 | D:1      | OctopodeCrusher, the Octopode Monk, began the quest for the Orb.
     0 | D:1      | Reached XP level 1. HP: 16/16 MP: 1/1
   104 | D:1      | Reached XP level 2. HP: 19/21 MP: 2/2
   351 | D:2      | Reached skill level 5 in Unarmed Combat
   351 | D:2      | Reached XP level 3. HP: 19/26 MP: 3/3
   448 | D:2      | HP: 1/26 [adder (5)]
   449 | D:2      | Reached XP level 4. HP: 14/31 MP: 4/4
  1011 | D:3      | Reached skill level 6 in Unarmed Combat
  1018 | D:3      | Gained mutation: You are clumsy. (Dex -2) [potion of mutation]
  1018 | D:3      | Gained mutation: You are robust (+10% HP). [potion of mutation]
  1018 | D:3      | Lost mutation: You are robust (+10% HP). [potion of mutation]
  1104 | D:4      | Found Loanig's Weapon Boutique.
  1173 | D:4      | Noticed an ogre
  1208 | D:5      | Entered Level 5 of the Dungeon
  1234 | D:5      | Found Ipsoez's Magic Scroll Emporium.
  1237 | D:5      | Bought a scroll of teleportation for 42 gold pieces
  1242 | D:5      | Found Blasm's Jewellery Shoppe.
  1299 | D:5      | Found Zithrasch's Assorted Antiques.
  1301 | D:5      | Found Ovuw's General Store.
  1301 | D:5      | Found Wilapa's Weapon Shoppe.
  1324 | D:5      | Bought a scroll labeled XIUFFEF OPIUSTRILE for 26 gold pieces
  1324 | D:5      | Bought a scroll labeled QEAMUR UWEW for 26 gold pieces
  1339 | D:5      | Found a staircase to the Ecumenical Temple.
  1346 | Temple   | Entered the Ecumenical Temple
  1360 | Temple   | Became a worshipper of Cheibriados the Contemplative
  1380 | D:5      | Reached XP level 5. HP: 32/36 MP: 5/5
  1487 | D:4      | Reached skill level 1 in Invocations
  1642 | D:4      | Reached XP level 6. HP: 15/42 MP: 7/7
  1649 | D:4      | Noticed an ogre
  1655 | D:4      | Killed an ogre
  1666 | D:4      | Noticed a phantom
  1689 | D:4      | Killed a phantom
  1691 | D:4      | Killed an ogre
  1691 | D:4      | Reached XP level 7. HP: 9/46 MP: 9/11
  1842 | D:6      | Reached skill level 5 in Dodging
  1842 | D:6      | Reached skill level 7 in Unarmed Combat
  1884 | D:6      | Found a glowing drain.
  1902 | D:6      | Acquired Cheibriados' first power
  1926 | Sewer    | Entered a sewer
  2066 | Sewer    | Found a white marble altar of Elyvilon.
  2273 | D:6      | Reached XP level 8. HP: 44/52 MP: 12/12
  2408 | D:5      | Reached skill level 8 in Unarmed Combat
  2460 | D:5      | Bought a scroll of blinking for 82 gold pieces
  2548 | D:7      | Acquired Cheibriados' second power
  2568 | D:7      | Found Rietem's General Store.
  2613 | D:7      | Found an iron altar of Okawaru.
  2703 | D:6      | Noticed Menkaure
  2712 | D:6      | Killed Menkaure
  3001 | D:8      | Reached XP level 9. HP: 56/56 MP: 16/16
  3017 | D:8      | Reached skill level 9 in Unarmed Combat
  3128 | D:8      | Noticed Erolcha
  3180 | D:8      | Noticed a griffon
  3181 | D:8      | Noticed a polar bear
  3182 | D:8      | Noticed a death yak
  3183 | D:8      | Noticed a polar bear
  3183 | D:8      | Noticed a polar bear
  3183 | D:8      | Noticed a griffon
  3183 | D:8      | Noticed a polar bear
  3184 | D:8      | Noticed a polar bear
  3185 | D:8      | Noticed a griffon
  3204 | D:8      | Noticed Edmund
  3216 | D:8      | Killed Edmund
  3216 | D:8      | Acquired Cheibriados' third power
  3227 | D:7      | Bought 7 curare-tipped needles for 58 gold pieces
  3349 | D:8      | Reached skill level 5 in Invocations
  3397 | D:8      | Reached skill level 10 in Unarmed Combat
  3699 | D:9      | Reached XP level 10. HP: 29/63 MP: 18/18
  3990 | D:9      | Noticed a necromancer
  4102 | D:10     | Entered Level 10 of the Dungeon
  4202 | D:10     | Reached skill level 5 in Fighting
  4202 | D:10     | Reached skill level 11 in Unarmed Combat
  4436 | D:10     | Found a shadowy altar of Dithmenos.
  4587 | D:10     | Found Gajoacyw's Antique Armour Emporium.
  4604 | D:10     | Bought a shield for 126 gold pieces
  4645 | D:10     | Found Pleo's Weapon Shop.
  4666 | D:11     | Reached skill level 1 in Shields
  4669 | D:11     | Reached XP level 11. HP: 48/74 MP: 20/20
  4832 | D:11     | Found a staircase to the Orcish Mines.
  4845 | Orc:1    | Entered Level 1 of the Orcish Mines
  5032 | Orc:1    | Found Kleahiass' Antique Armour Shoppe.
  5136 | Orc:2    | Noticed an orc warlord
  5195 | Orc:2    | Noticed Eustachio
  5219 | Orc:2    | Killed Eustachio
  5418 | Orc:1    | Reached skill level 5 in Shields
  5564 | Orc:3    | Found a staircase to the Elven Halls.
  5635 | Orc:4    | Entered Level 4 of the Orcish Mines
  5635 | Orc:4    | Found Atoarph's Armour Shoppe.
  5682 | Orc:4    | Noticed an orc high priest
  5692 | Orc:4    | Killed an orc high priest
  5695 | Orc:4    | Found Muss' General Store.
  5698 | Orc:4    | Noticed an orc high priest
  5699 | Orc:4    | Noticed a sun demon
  5699 | Orc:4    | Noticed an orc knight
  5700 | Orc:4    | Paralysed by an orc sorcerer for 2 turns
  5704 | Orc:4    | Killed a sun demon
  5704 | Orc:4    | Killed an orc knight
  5704 | Orc:4    | Killed an orc high priest
  5784 | Orc:4    | Noticed an orc warlord
  5822 | Orc:4    | Killed an orc warlord
  5828 | Orc:4    | Noticed an orc knight
  5836 | Orc:4    | HP: 2/77 [orc knight/halberd (11)]
  5837 | Orc:4    | Killed an orc knight
  5925 | Orc:4    | Found Shrethrah's Antique Armour Shoppe.
  6073 | Orc:4    | Reached XP level 12. HP: 31/84 MP: 21/21
  6189 | Orc:4    | Reached skill level 10 in Dodging
  6258 | Orc:4    | Noticed an orc knight
  6269 | Orc:4    | Killed an orc knight
  6274 | Orc:3    | Found Tiukh's Food Boutique.
  6488 | Orc:4    | Noticed an orc high priest
  6494 | Orc:4    | Killed an orc high priest
  6495 | Orc:4    | Noticed an orc knight
  6504 | Orc:4    | Killed an orc knight
  6552 | Orc:4    | Found Vagavab's Book Emporium.
  6607 | Orc:3    | Found Ehafekiu's Antique Armour Shop.
  6907 | Orc:3    | Reached skill level 12 in Unarmed Combat
  6961 | D:10     | Found Crafyijo's Book Shoppe.
  6978 | D:10     | Noticed a hill giant
  6992 | D:10     | Bought a book of Transfigurations for 715 gold pieces
  6998 | D:10     | Learned a level 4 spell: Ice Form
  7012 | D:10     | Killed a hill giant
  7012 | D:10     | Reached skill level 1 in Transmutations
  7146 | D:11     | Reached skill level 1 in Spellcasting
  7214 | D:11     | Noticed a manticore
  7222 | D:11     | Killed a manticore
  7320 | D:12     | Gained mutation: You are weak. (Str -2) [mutagenic meat]
  7321 | D:12     | Gained mutation: You are resistant to electric shocks. [mutagenic meat]
  7449 | D:12     | Identified Sif Muna's Collected Works on Transmigration and Ice
  7537 | D:12     | Reached skill level 5 in Transmutations
  7865 | D:8      | Noticed a five-headed hydra
  7875 | D:8      | Killed a five-headed hydra
  7875 | D:8      | Reached XP level 13. HP: 14/89 MP: 16/22
  8155 | D:11     | Got a crystal shortbow
  8168 | D:11     | Learned a level 5 spell: Phase Shift
  8317 | D:10     | Reached skill level 1 in Translocations
  8395 | D:9      | Killed a necromancer
  8507 | D:8      | Killed Erolcha
  8577 | D:9      | Gained mutation: Your mind is acute. (Int +2) [mutagenic meat]
  8612 | D:9      | Found a staircase to the Lair.
  8618 | Lair:1   | Entered Level 1 of the Lair of Beasts
  8668 | Lair:2   | Learned a level 2 spell: Repel Missiles
  9146 | Lair:3   | Reached skill level 1 in Charms
  9176 | Lair:3   | Reached skill level 1 in Air Magic
  9433 | Lair:4   | Found a snail-covered altar of Cheibriados.
  9561 | Lair:4   | Got a crystal dagger
  9562 | Lair:4   | Identified the +9,+8 dagger of Cruth {elec, rF+ MR++} (You found it on level 4 of the Lair of Beasts)
  9612 | Lair:4   | Reached skill level 5 in Spellcasting
  9612 | Lair:4   | Reached skill level 5 in Translocations
  9761 | Lair:5   | Found a staircase to the Snake Pit.
 10086 | Lair:5   | HP: 4/89 [spiny frog (18)]
 10179 | Lair:5   | Found a staircase to the Shoals.
 10185 | Lair:5   | Slain by a shark

Action                   |  1- 3 |  4- 6 |  7- 9 | 10-12 | 13-15 || total
-------------------------+-------+-------+-------+-------+-------++-------
Melee: Unarmed           |    42 |    97 |   203 |   506 |   261 ||  1109
 Fire: Blowgun           |       |       |     2 |    47 |     9 ||    58
Throw: Throwing net      |       |       |       |     2 |       ||     2
 Cast: Phase Shift       |       |       |       |       |     9 ||     9
       Ice Form          |       |       |       |       |     4 ||     4
       Repel Missiles    |       |       |       |       |     1 ||     1
Invok: Bend Time         |       |       |     1 |     4 |       ||     5
       Slouch            |       |       |       |     8 |       ||     8
Evoke: Wand              |       |     5 |    10 |    19 |     5 ||    39
  Use: Scroll            |     4 |     3 |    11 |    10 |     7 ||    35
       Potion            |     1 |     2 |     2 |       |       ||     5
 Stab: Sleeping          |     7 |     8 |    17 |    23 |    23 ||    78
       Distracted        |       |       |       |     5 |       ||     5
